 Dungeon Crawl Stone Soup version 0.30-a0-1124-g6e8f0f562f (webtiles) character file.

Game seed: 14239147044548952018

1523 bande the Chopper (level 8, -12/50 HPs)
             Began as a Gargoyle Fighter on Apr 24, 2023.
             Mangled by Maggie
             ... wielding a +1 heavy halberd
              (19 damage)
             ... on level 6 of the Dungeon.
             The game lasted 00:13:50 (6475 turns).

bande the Chopper (Gargoyle Fighter)                Turns: 6475, Time: 00:13:53

Health: -12/50     AC: 17    Str: 21    XL:     8   Next: 84%
Magic:  8/8        EV:  5    Int: 10    God:
Gold:   382        SH: 16    Dex: 17    Spells: 7/7 levels left

rFire   . . .        p - +0 broad axe
rCold   . . .        h - +1 tower shield of Twilight {Int+2}
rNeg    + . .        o - +0 chain mail
rPois   ∞            (no helmet)
rElec   +            s - +1 cloak
rCorr   .            (no gloves)
SInv    .            (no boots)
Will    +....        (no amulet) Stlth
                     i - ring of willpower
HPRegen 0.28/turn    b - +6 ring of dexterity
MPRegen 0.11/turn

%: no passive effects
@: mighty, mesmerised
A: sickness immunity, AC +5, negative energy resistance 1, electricity
resistance, torment resistance 1, petrification resistance
a: no special abilities


You were on level 6 of the Dungeon.
You visited 1 branch of the dungeon, and saw 6 of its levels.

You collected 382 gold pieces.

Inventory:

Hand Weapons
 a - a +0 war axe
 c - a +0 flail
 p - a +0 broad axe (weapon)
Missiles
 m - 2 throwing nets (quivered)
Armour
 h - the +1 tower shield of Twilight (worn) {Int+2}
   (You acquired it on level 3 of the Dungeon)

   Int:       It affects your intelligence (+2).
 o - a +0 chain mail (worn)
 s - a +1 cloak (worn)
Jewellery
 b - a +6 ring of dexterity (right hand)
 g - an amulet of magic regeneration
 i - a ring of willpower (left hand)
Wands
 e - a wand of charming (9)
 n - a wand of flame (6)
Scrolls
 j - a scroll of blinking
 q - a scroll of teleportation
 t - a scroll of enchant armour
Potions
 f - a potion of lignification
 k - 5 potions of brilliance
 l - a potion of resistance


   Skills:
 + Level 5.4 Fighting
 + Level 6.4 Axes
 + Level 5.8 Armour
 + Level 6.0 Shields
 * Level 3.0 Evocations


You had 7 spell levels left.
You didn't know any spells.
Your spell library contained the following spells:

 Spells                   Type           Power      Damage    Failure   Level
 Necrotise                Necr           0%         1d4       100%        1
 Lesser Beckoning         Tloc           0%         N/A       100%        2
 Gell's Gravitas          Tloc           0%         N/A       100%        3
 Teleport Other           Tloc           0%         N/A       100%        3
 Vampiric Draining        Necr           0%         2d6       100%        3
 Dispel Undead            Necr           0%         3d6       100%        4
 Agony                    Necr           0%         N/A       100%        5
 Death Channel            Necr           0%         N/A       100%        6
 Cigotuvi's Dreadful Rot  Necr/Pois/Air  Unusable   N/A       N/A         2

Dungeon Overview and Level Annotations

Branches:
Dungeon (6/15)
 Temple: D:4-7

Altars:
Ashenzari

Annotations:
D:6 Maggie


Innate Abilities, Weirdness & Mutations

You are immune to sickness and miasma.
Your stone body is resilient. (AC +5)
You are immune to poison.
You resist negative energy. (rN+)
You are resistant to electric shocks. (rElec)
You are resistant to unholy torment.
You are immune to petrification.


Message History

a +0 spear; a gnoll corpse
There is a stone staircase leading up here.
t - a scroll of enchant armour You now have 382 gold pieces (gained 17).
Maggie the Vainglorious comes into view.
She is wielding a +1 heavy halberd.
Maggie shouts!
Maggie mumbles some strange words.
Maggie attempts to bespell you! You resist with some effort.
Maggie hits you with a +1 heavy halberd!
You barely miss Maggie. You block Maggie's attack.
You slash Maggie!
Maggie is lightly wounded.
Maggie casts a spell at you. The bolt of fire hits you!
You are too injured to fight recklessly!
You are too injured to fight recklessly!
You are too injured to fight recklessly!
You are too injured to fight recklessly!
You are too injured to fight recklessly!
You are too injured to fight recklessly!
Unknown command.
You feel better. You block Maggie's attack.
You feel very mighty all of a sudden. Maggie gestures at you while chanting.
The bolt of fire hits you!!
* * * LOW HITPOINT WARNING * * *
You slash Maggie!
Maggie is moderately wounded.
You block Maggie's attack.
You barely miss Maggie.
Maggie is moderately wounded.
Maggie mumbles some strange words.
Maggie attempts to bespell you!
You easily resist.
You closely miss Maggie.
Maggie is moderately wounded.
Maggie mumbles some strange words.
Maggie attempts to bespell you!
You are mesmerised by Maggie!
Maggie hits you with a +1 heavy halberd!!
You die...

#..... #.....
#################
#................
#.###############
#.# #.#
########.#
......@@.#
##########


You could see Maggie (mesmerising).

Vanquished Creatures
  Grinder (D:3)
  Duvessa (D:4)
  An ogre (D:5)
  A phantom (D:6)
  Blork the orc (D:4)
  A scorpion (D:6)
  A gnoll sergeant (D:5)
  Dowan (D:4)
  A howler monkey (D:5)
  2 jellies
  2 hounds (D:5)
  Crazy Yiuf (D:2)
  3 orc priests
  A gnoll bouda (D:5)
  Jessica (D:2)
  A sleepcap (D:5)
  Ijyb (D:4)
  6 orc wizards
  12 gnolls
  7 adders
  A shadow imp (D:5)
  An ufetubus (D:5)
  2 dart slugs (D:2)
  19 orcs
  2 endoplasms (D:2)
  2 giant cockroaches
  4 goblins
  8 hobgoblins
  A quokka (D:1)
  5 ball pythons
  5 bats
  5 frilled lizards
  8 kobolds
  6 rats
115 creatures vanquished.

Vanquished Creatures (others)
  2 gnolls (D:6)
2 creatures vanquished.

Grand Total: 117 creatures vanquished

Notes
Turn   | Place    | Note
-------+----------+-------------------------------------------
     0 | D:1      | bande the Gargoyle Fighter began the quest for the Orb.
     0 | D:1      | Reached XP level 1. HP: 14/14 MP: 1/1
   677 | D:1      | Reached XP level 2. HP: 19/19 MP: 2/2
   983 | D:2      | Reached XP level 3. HP: 14/24 MP: 3/3
  1179 | D:2      | Noticed Jessica
  1282 | D:2      | Reached XP level 4. HP: 17/29 MP: 4/4
  1367 | D:2      | Killed Jessica
  1664 | D:2      | Found a runed translucent door.
  1665 | D:2      | Noticed Crazy Yiuf
  1818 | D:2      | Killed Crazy Yiuf
  1819 | D:2      | Reached XP level 5. HP: 9/33 MP: 5/5
  2037 | D:3      | Identified a scroll of acquirement
  2037 | D:3      | Acquired the +1 tower shield of Twilight {Int+2}
  2040 | D:3      | Found a broken altar of Ashenzari.
  2145 | D:3      | Found a faded altar of an unknown god.
  2275 | D:3      | Noticed Grinder
  2318 | D:3      | Paralysed by Grinder for 5 turns
  2335 | D:3      | Paralysed by Grinder for 4 turns
  2345 | D:3      | Killed Grinder
  2346 | D:3      | Reached XP level 6. HP: 20/39 MP: 6/6
  2573 | D:3      | Reached XP level 7. HP: 44/44 MP: 7/7
  3337 | D:4      | Noticed Dowan
  3337 | D:4      | Noticed Duvessa
  3356 | D:4      | Killed Duvessa
  3387 | D:4      | Killed Dowan
  3388 | D:4      | Reached skill level 1 in Evocations
  3432 | D:4      | Reached skill level 5 in Axes
  3598 | D:4      | Noticed Ijyb
  3620 | D:4      | Killed Ijyb
  3621 | D:4      | Reached skill level 5 in Armour
  3961 | D:4      | Noticed Blork the orc
  3968 | D:4      | Killed Blork the orc
  3969 | D:4      | Reached skill level 5 in Shields
  4536 | D:5      | Entered Level 5 of the Dungeon
  4610 | D:5      | Reached XP level 8. HP: 46/48 MP: 8/8
  4693 | D:5      | Reached skill level 5 in Fighting
  6467 | D:6      | Noticed Maggie
  6475 | D:6      | Mangled by Maggie

Illustrated notes

Levels and vault maps discovered:
D:1:      minmay_arrival_solitary_statue, layout_loops_corners, minivault_5
D:2:      layout_basic, uniq_crazy_yiuf_cottage, uniq_jessica
D:3:      layout_loops_ring, amcnicky_altar_gilded,
          ebering_ecumenical_altar_abandoned, minmay_diced_spiral, uniq_grinder
D:4:      layout_basic, minmay_misc_feat_diagonals, uniq_ijyb, uniq_duvessa,
          uniq_blork_the_orc
D:5:      kennysheep_spiral_hall, layout_rooms, amethyst_killhole,
          kennysheep_cross_room
D:6:      layout_loops_ring, grunt_temple_overflow_open,
          minmay_temple_entry_butterflies, biasface_ghost_orc_armoury,
          kennysheep_small_square, uniq_maggie

Skill      XL: |  1  2  3  4  5  6  7  8 |
---------------+-------------------------+-----
Axes           | 2 3 4 5 6 |  6.4
Fighting       | 4 5 |  5.4
Armour         | 4 5 |  5.8
Shields        | 4 5 6 |  6.0
Evocations     | 1 3 |  3.0

Action                     |  1- 3 |  4- 6 |  7- 9 || total
---------------------------+-------+-------+-------++-------
  Melee: War axe           |    72 |   126 |   159 ||   357
         Broad axe         |       |       |   146 ||   146
    Use: Scroll            |       |     8 |     6 ||    14
         Potion            |       |     1 |     8 ||     9
 Armour: Scale mail        |    65 |    66 |    48 ||   179
         Chain mail        |       |       |   135 ||   135
         Skin              |       |       |     8 ||     8
  Dodge: Dodged            |    50 |    37 |    68 ||   155
  Block: Buckler           |    20 |    12 |       ||    32
         Tower shield      |       |    51 |   299 ||   350

Table legend: (Time is in decaauts)
 A = Elapsed time spent in this place.
 B = Non-inter-level travel time spent in this place.
 C = Inter-level travel time spent in this place.
 D = Time resting spent in this place.
 E = Time spent auto-exploring this place.
 F = Levels seen in this place.
 G = Mean time per level.
                   A        B        C        D        E       F      G
               +--------+--------+--------+--------+--------+-----+--------+
         Total |   6738 |   6552 |    186 |   1713 |   3313 |   6 | 1123.0 |
       Dungeon |   6738 |   6552 |    186 |   1713 |   3313 |   6 | 1123.0 |
               +--------+--------+--------+--------+--------+-----+--------+

Top non-repeatable levels by time:
     D:5: 1463 daAuts
     D:4: 1323 daAuts
     D:3: 1323 daAuts
     D:2: 1099 daAuts
     D:1: 950 daAuts
     D:6: 578 daAuts
